 Dungeon Crawl Stone Soup version 0.21-a0-344-g2144152 (webtiles) character file.

939036 Ijustatesigmund the Epochal (level 27, -12/323 HPs)
             Began as a Formicid Fighter on Sept 28, 2017.
             Was an Elder of Cheibriados.
             Mangled by Emam the pandemonium lord (33 damage)
             ... on level 20 of a ziggurat on Oct 4, 2017.
             The game lasted 07:55:20 (77932 turns).

Ijustatesigmund the Epochal (Formicid Fighter)     Turns: 77932, Time: 07:55:22

Health: -12/323    AC: 28    Str: 41    XL:     27
Magic:  1/49       EV: 52    Int: 23    God:    Cheibriados [****..]
Gold:   5639       SH: 33    Dex: 36    Spells: 9/47 levels left

rFire    x . .     SeeInvis +   h - +9 lajatang (drain)
rCold    + + .     Gourm    .   c - +3 large shield "Jamaodir" {rPois MP+9 Int+3}
rNeg     + + .     Faith    .   (armour currently unavailable)
rPois    ∞         Spirit   .   (helmet unavailable)
rElec    +         Reflect  .   x - scarf "Zekob" {rElec rN+}
rCorr    .         Harm     .   (gloves currently unavailable)
MR       +++..                  (boots currently unavailable)
Stlth    +++++++...             Q - amulet of Murele {rPois MR+ Regen+}
HPRegen  1.03/turn              V - ring "Medaefac" {Ice Str+4 Slay+3}
MPRegen  0.31/turn              F - ring of Phasing {EV+8}

@: agile, statue-form, silence, very slightly contaminated, studying 2 skills,
very slow
A: permanent stasis, dig shafts and tunnels, four strong arms, antennae 3, fangs
1, talons 1, repulsion field 1, rugged brown scales 1, agile 2, cold resistance
1, poison resistance, strong 1, subdued magic 1, MP-powered wands
}: 6/15 runes: decaying, slimy, silver, obsidian, icy, gossamer
a: Dig, Shaft Self, End Transformation, Renounce Religion


You were on level 20 of a ziggurat.
You worshipped Cheibriados.
Cheibriados was greatly pleased with you.
You were very full.
You were a stone statue.
You visited 15 branches of the dungeon, and saw 71 of its levels.
You visited the Abyss 1 time.
You visited 1 bazaar.
You visited 1 ziggurat, and saw 20 of its levels.
You also visited: Labyrinth, Trove, Sewer, Ossuary, Ice Cave and Volcano.

You collected 10306 gold pieces.
You spent 4667 gold pieces at shops.

Inventory:

Hand Weapons
 h - a +9 lajatang of draining (weapon)
 H - the +6 arbalest "Damnation" {damnation}
   (You found it on level 3 of the Elven Halls)
 K - the +10 hand crossbow "Hellblazer" {elec, rPois Str+3}
   (You found it on level 15 of the Dungeon)

   It charges the ammunition it shoots with electricity; occasionally upon a
   hit, such missiles may discharge and cause terrible harm.
   It affects your strength (+3).
   It protects you from poison.
 Y - the +1 lajatang of Intuition {flame, +Fly rElec rF+++ Int-4}
   (You bought it in a shop on level 4 of the Vaults)

   It has been specially enchanted to burn those struck by it, causing extra
   injury to most foes and up to half again as much damage against particularly
   susceptible opponents.
   Big, fiery blades are also staple armaments of hydra-hunters.
   It affects your intelligence (-4).
   It renders you almost immune to fire.
   It insulates you from electricity.
   It lets you fly.
Missiles
 W - 1175 bolts
Armour
 b - the +8 chain mail of Abstinence {rC+ MR- Regen+}
   (You found it on level 6 of the Dungeon)

   It protects you from cold.
   It affects your resistance to hostile enchantments.
   It increases your rate of regeneration.
 c - the +3 large shield "Jamaodir" (worn) {rPois MP+9 Int+3}
   (You found it on level 5 of the Vaults)

   It affects your intelligence (+3).
   It protects you from poison.
   It affects your magic capacity (+9).
 r - the cursed +0 pair of boots "Soakyrec" {-Cast rPois Regen+ Str+9}
   (You found it on level 5 of the Pits of Slime)

   It affects your strength (+9).
   It protects you from poison.
   It prevents spellcasting.
   It increases your rate of regeneration.
   It has a curse placed upon it.
 x - the scarf "Zekob" (worn) {rElec rN+}
   (You found it on level 3 of the Crypt)

   It insulates you from electricity.
   It protects you from negative energy.
 T - +8 fire dragon scales (melded)
 U - the cursed +0 pair of gloves of Sauhar (melded) {Regen+ Str+7 Int+2}
   (You found it on level 19 of a ziggurat)

   It affects your strength (+7).
   It affects your intelligence (+2).
   It increases your rate of regeneration.
   It has a curse placed upon it.
 X - a +2 pair of boots (melded)
Jewellery
 a - the macabre finger necklace {rN+}
   (You found it on level 5 of a ziggurat)

   [amulet of nothing]

   It protects you from negative energy.
 s - the ring of Ruit {rN+ Dex+6}
   (You found it on level 3 of the Crypt)

   [ring of positive energy]

   It affects your dexterity (+6).
   It protects you from negative energy.
 w - an uncursed ring of resist corrosion
 y - the ring "Syqalyu" {rElec rC+ MR+}
   (You found it on level 3 of the Crypt)

   [ring of protection from magic]

   It protects you from cold.
   It insulates you from electricity.
   It affects your resistance to hostile enchantments.
 D - an uncursed ring of protection from cold
 F - the ring of Phasing (right hand) {EV+8}
   (You found it on level 5 of the Pits of Slime)

   [ring of evasion]

   It affects your evasion (+8).
 N - an uncursed ring of wizardry
 Q - the amulet of Murele (around neck) {rPois MR+ Regen+}
   (You found it on level 3 of the Crypt)

   [amulet of regeneration]

   It protects you from poison.
   It affects your resistance to hostile enchantments.
   It increases your rate of regeneration.
 V - the ring "Medaefac" (left hand) {Ice Str+4 Slay+3}
   (You found it in an ice cave)

   [ring of ice]

   It enhances your ice magic.
   It affects your strength (+4).
   It affects your accuracy and damage with ranged weapons and melee attacks
   (+3).
   It makes you vulnerable to fire.
   It protects you from cold.
Wands
 k - a wand of scattershot (5/9)
 m - a wand of acid (5/15)
 C - a wand of acid (12/15)
 E - a wand of iceblast (12/15)
 G - a wand of clouds (4/9)
Scrolls
 i - 24 scrolls of remove curse
 n - 5 scrolls of magic mapping
 p - 5 scrolls of identify
 A - 3 scrolls of fog
 I - 3 scrolls of fear
 L - 2 scrolls of recharging
 O - a scroll of amnesia
 R - 4 scrolls of immolation
 S - a scroll of summoning
Potions
 d - 4 potions of might
 e - 3 potions of curing
 l - 2 potions of flight
 o - 11 potions of mutation
 t - a potion of magic
 v - 10 potions of brilliance
 J - a potion of agility
 M - 2 potions of resistance
 P - 4 potions of cancellation
Books
 g - a manual of Necromancy
 Z - a manual of Fire Magic
Miscellaneous
 z - 3 phantom mirrors
Comestibles
 f - 21 bread rations
 j - 22 meat rations


   Skills:
 - Level 25.5 Fighting
 - Level 20.8 Staves
 - Level 18.0 Crossbows
 - Level 20.3 Armour
 - Level 20.2 Dodging
 - Level 15.3 Stealth
 - Level 23.0 Shields
 - Level 10.5 Spellcasting
 + Level 5.9 Conjurations
 - Level 8.8 Hexes
 - Level 6.6 Charms
 - Level 5.1 Summonings
 - Level 14.5 Necromancy
 - Level 16.3 Transmutations
 - Level 13.4 Fire Magic
 + Level 5.3 Air Magic
 - Level 15.7 Earth Magic
 + Level 8.5 Poison Magic
 O Level 27 Invocations
 - Level 10.7 Evocations


You had 9 spell levels left.
You knew the following spells:

 Your Spells              Type           Power        Failure   Level  Hunger
a - Regeneration          Chrm/Necr      #####.....   1%          3    None
b - Statue Form           Tmut/Erth      ######...    1%          6    ######.
c - Apportation           Tloc           #.....       4%          1    None
d - Summon Butterflies    Summ           ####....     1%          1    None
e - Lesser Beckoning      Tloc           #.........   13%         3    None
f - Death Channel         Necr           ######....   1%          6    ######.
g - Inner Flame           Hex/Fire       #####...     1%          3    None
h - Conjure Flame         Conj/Fire      #####...     1%          3    None
i - Vampiric Draining     Necr           ######....   1%          3    None
j - Portal Projectile     Hex/Tloc       ####..       1%          3    None
k - Ignite Poison         Fire/Tmut/Pois ######..     1%          3    None
l - Mephitic Cloud        Conj/Pois/Air  ####....     1%          3    None


Dungeon Overview and Level Annotations

Branches:
Dungeon (15/15)            Temple (1/1) D:7            Lair (6/6) D:8
  Swamp (4/4) Lair:2       Spider (4/4) Lair:3        Slime (5/5) Lair:6
    Orc (2/2) D:12            Elf (3/3) Orc:2        Vaults (5/5) D:14
  Crypt (3/3) Vaults:2       Tomb (0/3) Crypt:3      Depths (5/5) D:15
   Hell (1/1)                 Dis (0/7) Hell            Geh (7/7) Hell
    Coc (7/7) Hell            Tar (0/7) Hell            Zot (5/5) Depths:5

Altars:
Ashenzari
Cheibriados
Dithmenos
Elyvilon
Fedhas
Gozag
Hepliaklqana
Kikubaaqudgha
Makhleb
Nemelex Xobeh
Okawaru
Qazlal
Ru
Sif Muna
Uskayaw
Vehumet
Wu Jian
Xom
Yredelemnul
Zin
The Shining One
Beogh
Jiyva

Shops:
D:5 !   Orc:2 [?:!   Elf:1 %(!!   Elf:2 %   Vaults:1 ?   Vaults:4 (%(!
Vaults:5 !!%   Depths:2 *   Depths:5 !(*!

Portals:
Hell: Depths:1 Depths:2 Depths:3 Depths:4 Depths:5
Abyss: Depths:2 Depths:4
Pandemonium: Depths:3 Depths:4

Annotations:
Swamp:2 Nikola
Swamp:3 Mara
Zig:20 Duffy's ghost, legendary DEFE


Innate Abilities, Weirdness & Mutations

You cannot be hasted, slowed, berserked, paralysed or teleported.
You can dig through walls and to a lower floor.
Your four strong arms can wield two-handed weapons with a shield.
You have a pair of large antennae on your head. (SInv)
You have very sharp teeth.
You have sharp toenails.
You are surrounded by a mild repulsion field. (EV +2)
(You are partially covered in rugged brown scales. (AC +1, +3% HP))
((You are partially covered in yellow scales. (AC +2)))
You are very agile. (Dex +4)
Your flesh is cold resistant. (rC+)
Your system is resistant to poisons. (rPois)
Your muscles are strong. (Str +2)
Your spells are a little easier to cast, but a little less powerful.
You expend magic power (3 MP) to strengthen your wands.


Message History

The Killer Klown blinks!
Bodetihey completely misses you. Emam completely misses you.
Niog gestures.
The golden eye blinks!
Acach hits you but does no damage. The golden eye blinks at you.
You resist with almost no effort.
You slice Acach!! You claw Acach.
Acach is severely wounded.
You block Emam's attack. Bodetihey hits you but does no damage.
You block Acach's attack. Emam closely misses you.
The golden eye blinks at you. You resist with almost no effort.
The Killer Klown blinks!
Bodetihey completely misses you.
You barely miss Acach. Your kick misses Acach.
Acach is severely wounded.
You block Emam's attack. You block Acach's attack.
Duffy's ghost mumbles some strange words.
Duffy's ghost's wounds begin to heal before your eyes!
You block Bodetihey's attack. Emam hits you!!
You die...

.▓ #p▓ ##..▓
.##....▓▓
...(...§▓▓
.........▓▓
......G.&&▓▓
...&1.TG&&8▓
...G.W.G&&▓▓
........G▓▓
........▓▓
.##....▓▓
##..▓ #.▓
..▓ ..▓


You could see Acach, Bodetihey, Emam, Gurch, Jetacuse, Niog, Uhaz Jal, a Killer
Klown, an Ice Fiend, an iron troll, a great orb of eyes, a shining eye, an eye
of devastation, Duffy's ghost and 2 golden eyes.

Vanquished Creatures
  Antaeus (Coc:7)
  Asmodeus (Geh:7)
  the Royal Jelly (Slime:5)
  A pandemonium lord (Zig:20)
  4 orbs of fire
  7 juggernauts
  6 ancient liches
  Sojobo (Depths:3)
  14 shard shrikes
  Boris (twice) (Depths:3 Crypt:1)
  Saint Roka (Vaults:5)
  A curse toe (Zot:5)
  7 Killer Klowns
  9 caustic shrikes
  12 golden dragons
  The ghost of Rhok the Slayer, an adept MiFi of Uskayaw (Vaults:5)
  3 profane servitors (Zig:10)
  8 bone dragons
  Geryon (Hell)
  Jory (Crypt:1)
  3 electric golems
  A Tzitzimitl (Zig:10)
  21 tentacled monstrosities
  12 liches
  12 Brimstone Fiends (Geh:7)
  2 iron giants (Zig:17)
  Jorgrun (Vaults:1)
  4 Hell Sentinels
  A shard shrike skeleton (Crypt:1)
  22 Ice Fiends
  11 Orb Guardians (Zot:5)
  6 quicksilver dragons
  3 deep elf blademasters
  9 titans
  19 acid blobs
  5 death cobs
  4 sphinxes
  An acid blob (shapeshifter) (Vaults:5)
  3 eldritch tentacles
  2 deep elf master archers (Elf:3)
  Frances (Elf:1)
  6 ancient champions
  9 tentacled starspawn
  13 shadow dragons
  The ghost of 4thArraOfDagon the Cleaver, an adept GnMo of Qazlal (Elf:3)
  Donald (Vaults:2)
  A shadow dragon (shapeshifter) (Zig:12)
  8 tengu reavers
  8 draconian monks
  2 thorn hunters (Zig:19)
  14 azure jellies
  10 storm dragons
  13 fire giants
  A nagaraja (Zig:7)
  A revenant (Hell)
  2 blood saints (Zig:18)
  11 frost giants
  4 draconian scorchers
  13 deep elf sorcerers
  3 iron dragons
  10 balrugs
  5 orc warlords
  Aizul (Swamp:2)
  4 draconian knights
  15 vault wardens
  2 cacodemons
  An iron dragon (shapeshifter) (Zig:20)
  A caustic shrike zombie (Zig:17)
  9 ghost moths
  6 ghouls
  10 emperor scorpions
  3 draconian stormcallers
  12 draconian annihilators
  A corrupter (Zig:19)
  3 curse skulls
  14 ironheart preservers
  4 deep elf elementalists
  2 draconian shifters
  An elemental wellspring (Coc:7)
  29 reapers
  32 very ugly things
  6 vampire knights
  34 stone giants
  10 entropy weavers
  A juggernaut skeleton (Crypt:3)
  4 war gargoyles
  An entropy weaver (shapeshifter) (Vaults:5)
  10 green draconians
  8 white draconians
  Nessos (D:13)
  6 deep elf demonologists
  A spectral titan (Zig:10)
  9 black draconians
  5 lorocyprocas
  A dire elephant (shapeshifter) (Vaults:5)
  5 red draconians
  9 deep elf annihilators
  9 purple draconians
  6 dire elephants (Lair:6)
  10 yellow draconians
  4 eidola
  5 spark wasps
  2 green deaths
  A crystal guardian (Vaults:4)
  19 blizzard demons
  3 merfolk javelineers
  18 ettins
  A mummy priest (Crypt:3)
  A minotaur (Lab)
  11 fire dragons
  3 jiangshi (Depths:2)
  7 deep elf death magi
  A merfolk impaler (Depths:4)
  7 deep elf high priests
  16 great orbs of eyes
  A fire dragon (shapeshifter) (Zig:12)
  18 ogre magi
  7 quicksilver dragon zombies
  19 yaktaur captains
  4 death oozes
  5 rakshasas
  An ice dragon (shapeshifter) (Vaults:5)
  Fannar (Lair:1)
  3 quicksilver dragon skeletons
  33 vault guards
  A naga warrior (Zig:7)
  2 catoblepae
  An anaconda (shapeshifter) (Zig:12)
  25 hydras
  31 ice dragons
  A ghost crab (Zig:11)
  6 spriggan air magi
  2 merfolk aquamancers
  2 anacondas
  5 alligators
  43 two-headed ogres
  3 death yaks (IceCv)
  An alligator (shapeshifter) (Zig:20)
  A queen ant (shapeshifter) (Zig:12)
  3 death knights
  A spectral sphinx (Zig:10)
  27 dancing weapons
  18 centaur warriors
  7 titan zombies
  A death yak (shapeshifter) (Vaults:5)
  13 hell hogs
  8 orc high priests
  A satyr (Zig:14)
  8 death scarabs (Spider:4)
  4 tengu warriors
  6 spriggan berserkers
  5 vampire magi
  8 deep troll shamans
  6 thrashing horrors
  12 deep troll earth magi
  18 deep elf knights
  A shock serpent (shapeshifter) (Depths:2)
  2 shock serpents (Zig:7)
  4 naga sharpshooters
  8 soul eaters
  Nergalle (Orc:2)
  46 hell knights
  18 sun demons
  An iron golem (Geh:7)
  2 titan skeletons (Coc:2)
  A sixfirhy (Depths:4)
  6 wretched stars
  3 iron trolls
  6 storm dragon zombies
  2 iron trolls (shapeshifter) (Zig:12)
  2 storm dragon skeletons
  65 skeletal warriors
  2 spark wasp zombies
  A golden dragon zombie (Geh:1)
  6 shadow wraiths
  A deep troll (shapeshifter) (Depths:3)
  A ghost moth zombie (Geh:7)
  A spatial maelstrom (Zig:9)
  13 anaconda zombies
  A glowing orange brain (shapeshifter) (Vaults:5)
  7 flayed ghosts
  A shambling mangrove (Zig:11)
  3 unseen horrors
  30 deep trolls
  3 swamp dragons
  4 shadow demons
  An obsidian statue (Zot:4)
  2 orange crystal statues
  16 ironbrand convokers
  A swamp dragon (shapeshifter) (Depths:1)
  A naga ritualist (Zig:7)
  5 glowing orange brains
  2 golden dragon skeletons (Geh:7)
  4 wizards
  18 deep elf archers
  A sphinx zombie (Zig:17)
  A harpy (shapeshifter) (Vaults:3)
  2 tengu zombies
  A lindwurm (shapeshifter) (Zig:2)
  5 shadow dragon zombies
  Pikel (D:7)
  A lindwurm (Zig:18)
  11 phantasmal warriors
  7 harpies
  4 iron dragon zombies
  6 orc knights
  4 salamanders
  4 wolf spider zombies
  26 wolf spiders
  3 anaconda skeletons
  An orb spider (shapeshifter) (Vaults:4)
  16 necromancers
  6 spectral wolf spiders (Spider:4)
  2 mana vipers (shapeshifter)
  16 orb spiders
  4 shadow dragon skeletons
  27 oklob plants
  A shining eye (shapeshifter) (Zig:12)
  11 manticores
  72 deep elf magi
  4 frost giant zombies
  6 cyclopes
  3 fauns (Zig:14)
  3 fire giant zombies
  10 shining eyes
  39 ugly things
  A wolf spider (shapeshifter) (Vaults:4)
  106 slime creatures
  A tengu skeleton (Zig:17)
  10 stone giant zombies
  A sphinx skeleton (Crypt:1)
  31 moths of wrath
  6 frost giant skeletons
  4 iron dragon skeletons
  20 orc sorcerers
  A salamander (shapeshifter) (Depths:1)
  A worldbinder (Abyss:2)
  4 stone giant skeletons
  7 large abominations
  5 ice statues
  3 fire giant skeletons
  2 black mambas (shapeshifter)
  A merfolk siren (Zig:4)
  8 elephants (Lair:6)
  9 black mambas
  A naga mage (Zig:18)
  9 rust devils
  4 guardian serpents
  A guardian serpent (shapeshifter) (Vaults:2)
  12 molten gargoyles
  2 apocalypse crabs (Zig:20)
  A shock serpent skeleton (Crypt:1)
  7 torpor snails
  20 vault sentinels
  11 spiny frogs
  2 orange demons
  A storm dragon simulacrum (Coc:1)
  8 smoke demons
  3 dire elephant zombies
  61 yaktaurs
  An emperor scorpion zombie (Geh:7)
  4 dire elephant skeletons
  45 freezing wraiths
  A yaktaur (shapeshifter) (Vaults:5)
  14 demonic crawlers
  8 efreet
  A komodo dragon (shapeshifter) (Depths:2)
  6 rime drakes
  14 hellions
  13 komodo dragons
  19 tormentors
  2 spectral redbacks (Spider:4)
  2 hellwings
  A kobold demonologist (D:12)
  2 tengu conjurers (Depths:5)
  6 guardian mummies (Crypt:3)
  14 hydra zombies
  An anaconda simulacrum (Coc:6)
  4 ancient zymes
  57 ice devils
  3 redback zombies (Spider:4)
  A golden dragon simulacrum (Crypt:1)
  The ghost of sergedm the Magician, a novice DECj (D:6)
  A merfolk (Zig:4)
  10 trolls
  2 catoblepas skeletons (Geh:7)
  34 jumping spiders
  3 spectral tarantellas (Spider:4)
  A harpy zombie (Coc:1)
  3 meliai (shapeshifter)
  7 tyrant leeches
  9 red devils
  A jumping spider (shapeshifter) (Vaults:3)
  16 polar bears
  Prince Ribbit (D:8)
  2 polar bears (shapeshifter)
  2 spectral jumping spiders (Spider:4)
  5 hydra skeletons
  21 hornets
  2 fire dragon zombies
  2 ice dragon zombies
  9 bog bodies
  4 raiju
  6 ettin zombies
  11 blink frogs
  2 fire giant simulacra
  2 hippogriffs (shapeshifter)
  3 slime creatures (shapeshifter)
  A tarantella zombie (Spider:4)
  6 hippogriffs
  6 dream sheep
  A black mamba zombie (Geh:2)
  9 alligator zombies
  9 air elementals
  31 tarantellas
  5 ice dragon skeletons
  55 flying skulls
  66 redbacks
  26 water elementals
  10 spriggans
  19 shadows
  13 wraiths
  7 fire dragon skeletons
  4 alligator skeletons
  5 ettin skeletons
  78 yaks
  A spriggan (shapeshifter) (D:15)
  5 fire bats (Geh:1)
  2 ynoxinuls
  12 fire elementals
  6 golden eyes
  12 hungry ghosts
  3 yaks (shapeshifter)
  A tarantella (shapeshifter) (Vaults:2)
  The ghost of nht the Slinger, an amateur GnHu of Okawaru (D:4)
  8 chaos spawn
  6 wyverns
  7 basilisks
  5 neqoxecs
  A warg (shapeshifter) (Depths:1)
  A harpy simulacrum (Coc:7)
  28 insubstantial wisps
  4 swamp worm simulacra (Swamp:4)
  A naga (Zig:7)
  14 vampire mosquitoes
  13 swamp worms
  A swamp worm (shapeshifter) (Depths:3)
  8 wargs
  A soldier ant (D:8)
  An acid dragon (shapeshifter) (Vaults:1)
  An acid dragon (D:11)
  A soldier ant (shapeshifter) (Elf:3)
  7 spiny frog zombies
  8 porcupines
  12 water moccasins
  3 floating eyes
  32 hell hounds
  An infernal demonspawn skeleton (Crypt:3)
  2 floating eyes (shapeshifter)
  2 spectral hornets (Spider:4)
  14 hydra simulacra
  2 merfolk skeletons
  3 sky beasts
  3 spiny frog skeletons
  An ice dragon simulacrum (Coc:1)
  30 orc warriors
  12 eyes of draining
  An eye of draining (shapeshifter) (Vaults:1)
  16 ice beasts
  5 snapping turtle zombies
  2 fire dragon simulacra
  5 swamp drakes
  3 black bears
  32 starcursed masses
  7 necrophages
  3 alligator simulacra
  A manticore zombie (Coc:7)
  41 ogres
  5 phantoms
  A boggart (shapeshifter) (Zig:20)
  24 wolves
  10 boggarts
  2 swamp dragon zombies
  A tengu (shapeshifter) (Vaults:2)
  2 lindwurm skeletons
  A torpor snail zombie (Crypt:1)
  31 centaurs
  17 crocodiles
  3 elf zombies
  2 snapping turtle skeletons (Coc:7)
  A hippogriff zombie (Crypt:1)
  5 big kobolds
  16 bullfrogs
  3 wyvern zombies
  A komodo dragon zombie (Crypt:3)
  A draconian skeleton (Crypt:1)
  A gnoll sergeant (D:12)
  3 earth elementals
  Blork the orc (D:4)
  2 spiny frog simulacra
  A wyvern skeleton (D:10)
  2 scorpions
  A spriggan skeleton (Lab)
  10 killer bees
  A snapping turtle simulacrum (Coc:3)
  2 electric eels
  A howler monkey (D:4)
  2 troll skeletons (Lab)
  28 wights
  9 crimson imps
  6 centaur zombies
  2 quasits
  5 human simulacra
  8 centaur skeletons
  5 hounds
  7 jellies
  3 human zombies
  11 orc priests
  A black bear zombie (Crypt:2)
  5 bullfrog skeletons
  9 iron imps
  30 orc wizards
  9 iguanas
  A human skeleton (Coc:1)
  A lightning spire (Zig:10)
  A black bear skeleton (Crypt:1)
  10 worker ants
  8 hell rats (Hell)
  A dwarf zombie (Crypt:2)
  A crocodile skeleton (Crypt:2)
  A naga skeleton (Crypt:2)
  5 small abominations
  A dwarf skeleton (Crypt:3)
  An ogre skeleton (Lab)
  A hound zombie (Ossuary)
  A hound skeleton (D:6)
  5 mummies
  A howler monkey zombie (D:10)
  19 gnolls
  3 river rats (Sewer)
  A scorpion zombie (Crypt:2)
  14 adders
  7 shadow imps
  30 white imps
  4 swamp drake simulacra (Swamp:4)
  5 ufetubi
  An ooze (D:6)
  3 adder zombies (Ossuary)
  7 worms
  5 leopard geckos
  70 orcs
  11 giant cockroaches
  8 hobgoblins
  4 jackals
  15 kobolds
  A ball python (D:2)
  8 bats
  2 frilled lizards
  3 gnoll zombies
  4 goblins
  A goblin skeleton (Crypt:2)
  3 goblin zombies (Ossuary)
  3 hobgoblin zombies (Ossuary)
  A jackal skeleton (D:8)
  4 jackal zombies (Ossuary)
  6 kobold zombies
  An orc skeleton (Crypt:1)
  3 orc zombies
  4 quokka zombies
  4 rats
  6 rat zombies
  2 bushes (Zot:2)
  2 fire vortices (Geh:7)
  A fungus (Zot:2)
  7 plants
  2 starspawn tentacles
3789 creatures vanquished.

Vanquished Creatures (collateral kills)
  A pandemonium lord (Zig:20)
  A caustic shrike (shapeshifter) (Zig:20)
  A nagaraja (Zig:18)
  An orc warlord (Zig:15)
  A stone giant (Zig:14)
  A merfolk javelineer (Zig:14)
  2 yaktaur captains (Zig:14)
  An ogre mage (Zig:18)
  A necromancer (Zig:18)
  A faun (Zig:14)
  An orc sorcerer (Zig:15)
  An apocalypse crab (Zig:20)
  A yaktaur (Zig:14)
  A troll (Zig:15)
  2 chaos spawn (Zig:20)
  2 orc warriors (Zig:15)
  A centaur (Zig:14)
  An iron imp (Zig:17)
21 creatures vanquished.

Vanquished Creatures (others)
  A quicksilver dragon (shapeshifter) (Zig:20)
  A fire giant (Depths:1)
  An elemental wellspring (Coc:7)
  An ogre mage (Zig:18)
  A hydra (Zig:11)
  A phantasmal warrior (Geh:7)
  A cyclops (Vaults:2)
  2 elf zombies (Zig:17)
  A hellion (Geh:7)
  A catoblepas skeleton (Geh:7)
  A polar bear (IceCv)
  A tyrant leech (Zig:11)
  A blink frog (Zig:11)
  A dire elephant simulacrum (Hell)
  2 wraiths
  2 neqoxecs
  A swamp worm (Swamp:4)
  3 hell hounds
  A swamp drake (Zig:11)
  A wolf (IceCv)
  An orc wizard (Orc:2)
  2 hell rats (Hell)
  A white imp (Coc:3)
  19 bushes
  15 fungi
  83 plants
  29 starspawn tentacles
175 creatures vanquished.

Grand Total: 3985 creatures vanquished

Notes
Turn   | Place    | Note
-------+----------+-------------------------------------------
     0 | D:1      | Ijustatesigmund the Formicid Fighter began the quest for the Orb.
     0 | D:1      | Reached XP level 1. HP: 18/18 MP: 1/1
   275 | D:1      | Reached XP level 2. HP: 24/24 MP: 2/2
   916 | D:2      | Reached XP level 3. HP: 30/30 MP: 3/3
   977 | D:2      | Gained mutation: You are partially covered in rugged brown scales. (AC +1, +3% HP) [potion of mutation]
   977 | D:2      | Gained mutation: You are dopey. (Int -2) [potion of mutation]
   977 | D:2      | Gained mutation: Potions are less effective at restoring your health. [potion of mutation]
   977 | D:2      | Gained mutation: You passively map a small area around you. [potion of mutation]
  1208 | D:2      | Found a faded altar of an unknown god.
  1323 | D:3      | Reached XP level 4. HP: 36/38 MP: 4/4
  1368 | D:3      | Found an iron altar of Okawaru.
  1623 | D:3      | Reached XP level 5. HP: 35/44 MP: 5/5
  2351 | D:3      | You fall through a shaft!
  2372 | D:4      | Found a glowing drain.
  2406 | D:4      | Reached XP level 6. HP: 43/50 MP: 6/6
  2457 | Sewer    | Entered a sewer
  2468 | Sewer    | Reached skill level 5 in Staves
  2584 | Sewer    | Reached skill level 5 in Fighting
  2787 | Sewer    | Found a white marble altar of Elyvilon.
  3063 | D:4      | Noticed Blork the orc
  3072 | D:4      | Killed Blork the orc
  3072 | D:4      | Reached XP level 7. HP: 41/57 MP: 7/7
  3135 | D:4      | Noticed nht's ghost (amateur GnHu)
  3145 | D:4      | Killed nht's ghost
  3315 | D:4      | Reached XP level 8. HP: 64/65 MP: 8/8
  3524 | D:5      | Entered Level 5 of the Dungeon
  3597 | D:5      | Found Nill's Distillery.
  4194 | D:6      | Reached skill level 1 in Dodging
  4255 | D:6      | Got a distressingly furry chain mail
  4261 | D:6      | Identified the +8 chain mail of Abstinence {rC+ MR- Regen+} (You found it on level 6 of the Dungeon)
  4561 | D:6      | Noticed sergedm's ghost (novice DECj)
  4574 | D:6      | Killed sergedm's ghost
  4574 | D:6      | Reached skill level 5 in Shields
  4617 | D:6      | Reached XP level 9. HP: 72/73 MP: 9/9
  4645 | D:6      | Found a white marble altar of Elyvilon.
  4867 | D:7      | Found a glowing golden altar of the Shining One.
  4884 | D:7      | Reached skill level 5 in Armour
  5023 | D:7      | Noticed Pikel
  5037 | D:7      | Killed Pikel
  5051 | D:7      | Found a staircase to the Ecumenical Temple.
  5074 | Temple   | Entered the Ecumenical Temple
  5232 | Temple   | Became a worshipper of Cheibriados the Contemplative
  5500 | D:7      | You fall through a shaft!
  5583 | D:8      | Reached * piety under Cheibriados
  5617 | D:8      | Found a sand-covered staircase.
  5625 | Ossuary  | Entered an ossuary
  5662 | Ossuary  | Reached XP level 10. HP: 83/83 MP: 10/10
  5784 | Ossuary  | Reached ** piety under Cheibriados
  6016 | D:8      | Noticed Prince Ribbit
  6027 | D:8      | Killed Prince Ribbit
  6141 | D:8      | Lost mutation: Potions are less effective at restoring your health. [potion of mutation]
  6141 | D:8      | Lost mutation: You are dopey. (Int -2) [potion of mutation]
  6141 | D:8      | Gained mutation: You are surrounded by a mild repulsion field. (EV +2) [potion of mutation]
  6141 | D:8      | Gained mutation: You are partially covered in yellow scales. (AC +2) [potion of mutation]
  6141 | D:8      | Gained mutation: You are resistant to hostile enchantments. (MR+) [potion of mutation]
  6173 | D:8      | Found a staircase to the Lair.
  6183 | D:8      | Reached skill level 1 in Invocations
  6196 | D:8      | Reached skill level 2 in Invocations
  6248 | D:8      | Reached skill level 3 in Invocations
  6295 | D:8      | Reached *** piety under Cheibriados
  6415 | D:9      | Reached skill level 4 in Invocations
  6554 | D:9      | Reached skill level 5 in Invocations
  6568 | D:9      | Reached skill level 6 in Invocations
  6614 | D:9      | Noticed a two-headed hydra
  6626 | D:9      | Killed a two-headed hydra
  6626 | D:9      | Reached skill level 8 in Invocations
  6626 | D:9      | Reached XP level 11. HP: 70/91 MP: 12/17
  7375 | D:10     | Entered Level 10 of the Dungeon
  7413 | D:10     | Reached **** piety under Cheibriados
  7625 | D:10     | You fall through a shaft for 3 floors!
  7658 | D:13     | Noticed an unseen horror
  7662 | D:13     | Killed an unseen horror
  7662 | D:13     | Reached skill level 9 in Invocations
  7830 | D:11     | Reached skill level 1 in Evocations
  7840 | D:10     | Noticed a two-headed ogre
  7851 | D:10     | Killed a two-headed ogre
  7970 | D:10     | Reached ***** piety under Cheibriados
  8265 | D:11     | Reached XP level 12. HP: 99/99 MP: 18/18
  8316 | D:11     | Reached skill level 10 in Staves
  9057 | D:12     | Found a staircase to the Orcish Mines.
  9682 | D:13     | Reached skill level 10 in Shields
  9877 | D:13     | Noticed an eight-headed hydra
  9881 | D:13     | Killed an eight-headed hydra
  9946 | D:13     | Reached ****** piety under Cheibriados
 10197 | D:13     | Noticed Nessos
 10204 | D:13     | Killed Nessos
 10204 | D:13     | Reached skill level 10 in Armour
 10462 | D:14     | You fall through a shaft!
 10462 | D:15     | Entered Level 15 of the Dungeon
 10507 | D:15     | Reached skill level 10 in Invocations
 10514 | D:15     | Reached XP level 13. HP: 106/106 MP: 20/20
 10556 | D:15     | Noticed a centaur warrior
 10570 | D:15     | Killed a centaur warrior
 10755 | D:14     | Noticed a catoblepas
 10776 | D:14     | You fall through a shaft!
 10831 | D:15     | Noticed a centaur warrior
 10842 | D:15     | Killed a centaur warrior
 10896 | D:15     | Noticed an eight-headed hydra
 10911 | D:15     | Killed an eight-headed hydra
 10911 | D:15     | Reached skill level 11 in Invocations
 10920 | D:15     | Noticed a centaur warrior
 10929 | D:15     | Killed a centaur warrior
 11012 | D:15     | Noticed a rakshasa
 11033 | D:15     | Killed a rakshasa
 11223 | D:15     | Noticed a centaur warrior
 11237 | D:15     | Killed a centaur warrior
 11309 | D:15     | Noticed a catoblepas
 11325 | D:15     | Killed a catoblepas
 11535 | D:15     | Found a staircase to the Depths.
 11581 | D:15     | Found a deep blue altar of Sif Muna.
 11669 | D:15     | Reached skill level 12 in Invocations
 11732 | D:15     | Got a shimmering hand crossbow
 11733 | D:15     | Identified the +10 hand crossbow "Hellblazer" {elec, rPois Str+3} (You found it on level 15 of the Dungeon)
 11861 | D:14     | Noticed a centaur warrior
 11888 | D:14     | Killed a centaur warrior
 11888 | D:14     | Reached XP level 14. HP: 107/112 MP: 9/23
 11892 | D:14     | Reached skill level 5 in Dodging
 11986 | D:14     | Found a gate to the Vaults.
 11994 | D:14     | You fall through a shaft!
 12128 | Orc:1    | Entered Level 1 of the Orcish Mines
 12322 | Orc:1    | Found a dark tunnel.
 12332 | Volcano  | Entered a volcano
 12385 | Volcano  | Reached skill level 13 in Invocations
 12385 | Volcano  | Reached XP level 15. HP: 118/118 MP: 23/25
 12787 | Orc:1    | You fall through a shaft!
 12787 | Orc:2    | Entered Level 2 of the Orcish Mines
 13101 | Orc:2    | Noticed an orc warlord
 13107 | Orc:2    | Reached skill level 14 in Invocations
 13136 | Orc:2    | Killed an orc warlord
 13529 | Orc:2    | Found a staircase to the Elven Halls.
 13632 | Orc:2    | Found a radiant altar of Vehumet.
 13667 | Orc:2    | Found Fouxima's Magic Scroll Emporium.
 13683 | Orc:2    | Noticed Nergalle
 13693 | Orc:2    | Killed Nergalle
 13699 | Orc:2    | Bought a scroll of identify for 34 gold pieces
 13699 | Orc:2    | Bought a scroll of identify for 34 gold pieces
 13704 | Orc:2    | Found an ancient bone altar of Kikubaaqudgha.
 13734 | Orc:2    | Found a roughly hewn altar of Beogh.
 13744 | Orc:2    | Found Plog's Book Emporium.
 13757 | Orc:2    | Found Qiarph's Distillery.
 13813 | Orc:2    | Found Votuink's Antique Armour Emporium.
 14160 | Lair:1   | Entered Level 1 of the Lair of Beasts
 14244 | Lair:1   | Noticed Fannar
 14255 | Lair:1   | Killed Fannar
 14255 | Lair:1   | Reached skill level 15 in Invocations
 14342 | Lair:1   | Found a frozen archway.
 14351 | IceCv    | Entered an ice cave
 14595 | IceCv    | Reached XP level 16. HP: 125/125 MP: 27/27
 14957 | IceCv    | Reached skill level 10 in Dodging
 15136 | IceCv    | Noticed a frost giant
 15150 | IceCv    | Killed a frost giant
 15203 | IceCv    | Got an ancient bone ring
 15204 | IceCv    | Identified the ring "Medaefac" {Ice Str+4 Slay+3} (You found it in an ice cave)
 15481 | Lair:1   | Reached skill level 16 in Invocations
 16332 | Lair:2   | Reached skill level 10 in Fighting
 16341 | Lair:2   | Found a staircase to the Swamp.
 17161 | Lair:3   | Found a labyrinth entrance.
 17172 | Lab      | Entered a labyrinth
 17763 | Lab      | Upgraded the game from 0.21-a0-297-ga3d34c2 to 0.21-a0-314-gb3271ec
 17968 | Lab      | Got a smoking wooden ring
 17971 | Lab      | Identified the ring "Deriot" {Ice *Slow +Blink rPois Stlth+} (You found it in a labyrinth)
 18097 | Lair:3   | Found a hole to the Spider Nest.
 18937 | Lair:4   | Found a runed door.
 19533 | Lair:6   | Entered Level 6 of the Lair of Beasts
 19584 | Lair:5   | Found a deep blue altar of Sif Muna.
 20131 | Lair:5   | Reached XP level 17. HP: 136/136 MP: 29/29
 21012 | Lair:6   | Found a staircase to the Slime Pits.
 21262 | Lair:6   | Found a snail-covered altar of Cheibriados.
 21500 | Swamp:1  | Entered Level 1 of the Swamp
 21519 | Swamp:1  | Identified 2 scrolls of acquirement
 22516 | Swamp:2  | Noticed Aizul
 22550 | Swamp:2  | Killed Aizul
 23008 | Swamp:2  | Noticed Nikola
 23011 | Swamp:2  | You fall through a shaft!
 23011 | Swamp:3  | Noticed Mara
 23014 | Swamp:3  | You fall through a shaft!
 23014 | Swamp:4  | Entered Level 4 of the Swamp
 23755 | Swamp:4  | Reached XP level 18. HP: 149/149 MP: 30/30
 24006 | Swamp:4  | Got a decaying rune of Zot
 24127 | Swamp:3  | Reached skill level 15 in Armour
 24157 | Swamp:3  | You fall through a shaft!
 24694 | Depths:1 | Entered Level 1 of the Depths
 24722 | Depths:1 | Found a gateway to a ziggurat.
 24730 | Depths:1 | Noticed a caustic shrike
 24731 | Depths:1 | Noticed a caustic shrike
 24731 | Depths:1 | Noticed a caustic shrike
 24731 | Depths:1 | Noticed a caustic shrike
 24732 | Depths:1 | Noticed a caustic shrike
 24740 | Depths:1 | Killed a caustic shrike
 24746 | Depths:1 | Killed a caustic shrike
 24749 | Depths:1 | Killed a caustic shrike
 24765 | Depths:1 | Killed a caustic shrike
 24775 | Depths:1 | Killed a caustic shrike
 24948 | Depths:1 | Reached skill level 17 in Invocations
 25651 | Depths:1 | Reached skill level 5 in Evocations
 25655 | Depths:1 | Reached XP level 19. HP: 134/157 MP: 28/31
 25695 | Depths:1 | Found a gateway to Hell.
 26131 | Depths:2 | Reached skill level 1 in Crossbows
 26162 | Depths:2 | Reached skill level 5 in Crossbows
 26617 | Spider:1 | Entered Level 1 of the Spider Nest
 28568 | Spider:3 | Reached skill level 10 in Crossbows
 28654 | Spider:4 | Entered Level 4 of the Spider Nest
 28784 | Spider:3 | Reached XP level 20. HP: 164/164 MP: 32/32
 28986 | Spider:3 | Reached skill level 18 in Invocations
 30224 | Spider:4 | Got a gossamer rune of Zot
 30593 | Lair:1   | Learned a level 3 spell: Regeneration
 30748 | Elf:1    | Entered Level 1 of the Elven Halls
 30803 | Elf:1    | Found Heapsikh's Antique Weapon Shoppe.
 30827 | Elf:1    | Reached skill level 1 in Charms
 30829 | Elf:1    | Found Wesoplax's Distillery.
 30829 | Elf:1    | Found Titomylif's Food Shoppe.
 30841 | Elf:1    | Found Qamp's Distillery.
 30845 | Elf:1    | Bought 2 potions of curing for 78 gold pieces
 30845 | Elf:1    | Bought a potion of agility for 52 gold pieces
 30848 | Elf:1    | Bought a potion of heal wounds for 95 gold pieces
 30877 | Elf:1    | Reached skill level 1 in Necromancy
 31450 | Elf:1    | Identified the Reference Book on Conjuration
 31476 | Elf:1    | Cast into level 2 of the Abyss (a deep elf sorcerer)
 31504 | Abyss:2  | Gained mutation: Armour fits poorly on your strangely shaped body. [a shining eye]
 31506 | Abyss:2  | Gained mutation: You are weak. (Str -2) [a shining eye]
 31674 | Abyss:2  | Reached skill level 15 in Fighting
 31699 | Abyss:2  | Reached XP level 21. HP: 166/173 MP: 23/23
 31727 | Abyss:2  | Gained mutation: Your magical capacity is extremely low. (-30% MP) [a cacodemon]
 31978 | Abyss:2  | Noticed a bone dragon
 31994 | Abyss:2  | Killed a bone dragon
 32022 | Elf:1    | Escaped the Abyss
 32041 | Elf:1    | Noticed Frances
 32049 | Elf:1    | Killed Frances
 32516 | Elf:2    | Found Xaryocyo's Food Shoppe.
 32809 | Elf:2    | Identified the ring of Nyusaygu {MR+ Dex+2} (You acquired it on level 2 of the Elven Halls)
 33001 | Elf:2    | Gained mutation: You expend magic power (3 MP) to strengthen your wands. [a neqoxec]
 33154 | Elf:2    | Found a runed gate.
 33154 | Elf:2    | Found a runed gate.
 33164 | Elf:2    | Found a runed gate.
 33460 | Elf:2    | Reached skill level 5 in Charms
 33753 | Elf:3    | Entered Level 3 of the Elven Halls
 33772 | Elf:3    | Noticed 4thArraOfDagon's ghost (adept GnMo)
 33786 | Elf:3    | Killed 4thArraOfDagon's ghost
 33832 | Elf:3    | Reached skill level 15 in Staves
 33905 | Elf:3    | Reached skill level 5 in Necromancy
 34295 | Elf:3    | Noticed a Tzitzimitl
 34536 | Elf:3    | Reached XP level 22. HP: 181/182 MP: 31/31
 34776 | Elf:3    | Found the +6 arbalest "Damnation" {damnation}
 34812 | Elf:3    | Identified the +3 arbalest of Bread {speed, Str+2 Int-5 Dex+2} (You found it on level 3 of the Elven Halls)
 35192 | Elf:3    | Identified the +2 scale mail of the Invisible Hand {Stlth+} (You found it on level 3 of the Elven Halls)
 35280 | Elf:3    | Identified the +2 plate armour of the Battered Wishes {Dex+4 Stlth+} (You found it on level 3 of the Elven Halls)
 35619 | Elf:1    | Bought a potion of mutation for 104 gold pieces
 35619 | Elf:1    | Lost mutation: Armour fits poorly on your strangely shaped body. [potion of mutation]
 35619 | Elf:1    | Lost mutation: You are weak. (Str -2) [potion of mutation]
 35619 | Elf:1    | Gained mutation: You have very sharp teeth. [potion of mutation]
 35619 | Elf:1    | Gained mutation: You are highly resistant to hostile enchantments. (MR++) [potion of mutation]
 36544 | Vaults:1 | Entered Level 1 of the Vaults
 36560 | Vaults:1 | Found Jacautye's Magic Scroll Boutique.
 36739 | Vaults:1 | Noticed Jorgrun
 36748 | Vaults:1 | Killed Jorgrun
 36748 | Vaults:1 | Reached skill level 19 in Invocations
 37836 | Vaults:2 | Reached skill level 15 in Crossbows
 37899 | Vaults:2 | Noticed Donald
 37914 | Vaults:2 | Killed Donald
 38062 | Vaults:2 | Reached XP level 23. HP: 182/191 MP: 33/33
 38084 | Vaults:2 | Identified the +6 triple crossbow of the Scavenger {elec, rPois rC++ Str-5 Stlth+} (You acquired it on level 2 of the Vaults)
 38858 | Vaults:2 | Found a staircase to the Crypt.
 38858 | Vaults:2 | Found an ancient bone altar of Kikubaaqudgha.
 38859 | Vaults:2 | Found a basalt altar of Yredelemnul.
 40129 | Vaults:3 | Reached skill level 20 in Invocations
 40539 | Vaults:3 | Upgraded the game from 0.21-a0-314-gb3271ec to 0.21-a0-331-gfb491b4
 40668 | Vaults:4 | Found Viric's Food Shop.
 40677 | Vaults:4 | Reached XP level 24. HP: 202/202 MP: 33/33
 40720 | Vaults:4 | Found Pirut's Weapon Shop.
 40835 | Vaults:4 | Found Ala Refi's Weapon Shoppe.
 40836 | Vaults:4 | Found Cudeadue's Distillery.
 40864 | Vaults:4 | Found a flickering gateway to a bazaar.
 40880 | Bazaar   | Entered a bazaar
 40884 | Bazaar   | Found Giraes's Weapon Emporium.
 40892 | Bazaar   | Found Aqojea's Food Shop.
 40933 | Bazaar   | Found Qomau's Weapon Shoppe.
 40941 | Bazaar   | Found Niaffaim's Antique Weapon Boutique.
 41014 | Vaults:4 | Bought a potion of heal wounds for 75 gold pieces
 41014 | Vaults:4 | Bought a potion of mutation for 120 gold pieces
 41014 | Vaults:4 | Bought a potion of might for 60 gold pieces
 41014 | Vaults:4 | Bought a potion of mutation for 120 gold pieces
 41767 | Vaults:4 | Bought the cursed +1 lajatang of Intuition {flame, +Fly rElec rF+++ Int-4} for 1218 gold pieces
 41794 | Vaults:5 | Entered Level 5 of the Vaults
 42475 | Vaults:4 | Reached skill level 21 in Invocations
 42540 | Vaults:5 | Noticed an ancient lich
 42744 | Vaults:4 | Reached XP level 25. HP: 212/212 MP: 33/33
 42783 | Vaults:5 | Killed an ancient lich
 42792 | Vaults:5 | Noticed Saint Roka
 42798 | Vaults:5 | Killed Saint Roka
 43204 | Vaults:5 | Noticed Rhok's ghost (adept MiFi)
 43223 | Vaults:5 | Killed Rhok's ghost
 43237 | Vaults:5 | Identified the ring of the Komtur {Wiz rElec rF- rN+ Str+5} (You took it off a deep elf annihilator on level 5 of the Vaults)
 43278 | Vaults:5 | Got a warped jade ring
 43289 | Vaults:5 | Identified the ring "Tijuakal" {*Tele MR+} (You took it off a yaktaur captain on level 5 of the Vaults)
 43351 | Vaults:5 | Reached skill level 22 in Invocations
 43726 | Vaults:5 | Found Tuoraud's Distillery.
 43730 | Vaults:5 | Bought a potion of heal wounds for 55 gold pieces
 43730 | Vaults:5 | Bought 2 potions of invisibility for 176 gold pieces
 43730 | Vaults:5 | Bought a potion of resistance for 110 gold pieces
 43730 | Vaults:5 | Bought a potion of heal wounds for 55 gold pieces
 43754 | Vaults:5 | Found Dock's Food Shop.
 43775 | Vaults:5 | Found Ozxo's Distillery.
 43886 | Vaults:5 | Got a silver rune of Zot
 43961 | Vaults:5 | Got a bloodstained glaive {chop}
 43962 | Vaults:5 | Identified the cursed +0 glaive of Nightmares {chop, rPois rF+} (You took it off a deep elf annihilator on level 5 of the Vaults)
 44158 | Vaults:5 | Got a smoking silver ring
 44160 | Vaults:5 | Identified the ring "Ulolepri" {rC+ Int+5} (You acquired it on level 5 of the Vaults)
 44180 | Vaults:5 | Got a jewelled large shield
 44186 | Vaults:5 | Identified the +3 large shield "Jamaodir" {rPois MP+9 Int+3} (You found it on level 5 of the Vaults)
 44236 | Vaults:5 | Identified the Grimoire of Necromancy and Aid
 44731 | Lair:1   | Learned a level 6 spell: Statue Form
 45807 | Elf:2    | Reached skill level 1 in Earth Magic
 46079 | Depths:2 | Found Kegecixzyf's General Store.
 46131 | Depths:2 | Reached skill level 1 in Transmutations
 46470 | Depths:2 | Reached XP level 26. HP: 194/223 MP: 34/34
 47124 | Depths:2 | Reached skill level 5 in Earth Magic
 47242 | Depths:2 | Found a one-way gate to the infinite horrors of the Abyss.
 47344 | Depths:2 | Found a portal to a secret trove of treasure.
 47610 | Depths:2 | Reached skill level 5 in Transmutations
 47784 | Hell     | Entered the Vestibule of Hell
 47784 | Hell     | Noticed Geryon
 47791 | Hell     | Killed Geryon
 49124 | Depths:2 | You paid a toll of the horn of Geryon to enter a treasure trove
 49125 | Trove    | Entered a treasure trove
 49209 | Trove    | Identified Regruafi's Volume of the Shifting Mountains
 49725 | Depths:2 | Reached skill level 1 in Spellcasting
 50168 | Depths:3 | Found a one-way gate leading to the halls of Pandemonium.
 50286 | Depths:3 | Found a shimmering altar of Xom.
 50324 | Depths:3 | Noticed Boris
 50328 | Depths:3 | Noticed Sojobo
 50334 | Depths:3 | You fall through a shaft!
 50488 | Depths:4 | Reached skill level 10 in Transmutations
 50599 | Depths:4 | Reached XP level 27. HP: 229/229 MP: 34/34
 50696 | Depths:4 | Reached skill level 5 in Spellcasting
 51291 | Depths:4 | Noticed a juggernaut
 52027 | Depths:4 | Learned a level 1 spell: Apportation
 52029 | Depths:4 | Learned a level 1 spell: Summon Butterflies
 52033 | Depths:4 | Learned a level 3 spell: Lesser Beckoning
 52097 | Depths:5 | Entered Level 5 of the Depths
 52586 | Depths:5 | Found a gate to the Realm of Zot.
 52622 | Depths:5 | Found Asade's Distillery.
 52632 | Depths:5 | Bought a potion of heal wounds for 105 gold pieces
 52632 | Depths:5 | Bought a potion of heal wounds for 105 gold pieces
 52632 | Depths:5 | Bought a potion of heal wounds for 105 gold pieces
 52937 | Depths:5 | Reached skill level 10 in Earth Magic
 53037 | Depths:5 | Found Ryosior's Antique Weapon Shop.
 53039 | Depths:5 | Found Goyrotej's General Store.
 53041 | Depths:5 | Found Lacryaro's Distillery.
 53078 | Depths:5 | Bought a runed lajatang for 576 gold pieces
 53083 | Depths:5 | Bought 2 potions of heal wounds for 150 gold pieces
 53083 | Depths:5 | Bought a potion of heal wounds for 75 gold pieces
 53085 | Depths:5 | Bought a scroll of holy word for 157 gold pieces
 53276 | Depths:3 | Killed Boris
 53298 | Depths:3 | Killed Sojobo
 53304 | Depths:3 | Reached skill level 15 in Dodging
 53352 | Depths:3 | Identified the Disquisition on Flames
 53579 | Depths:3 | Reached skill level 15 in Shields
 53645 | Depths:3 | Reached skill level 15 in Transmutations
 54231 | Crypt:1  | Entered Level 1 of the Crypt
 54460 | Crypt:1  | Noticed Jory
 54478 | Crypt:1  | Killed Jory
 54489 | Crypt:1  | Noticed Boris
 54505 | Crypt:1  | Killed Boris
 55730 | Crypt:3  | Entered Level 3 of the Crypt
 55809 | Crypt:3  | Reached skill level 10 in Spellcasting
 56046 | Crypt:3  | Upgraded the game from 0.21-a0-331-gfb491b4 to 0.21-a0-338-g36cf2fc
 56166 | Crypt:3  | Noticed an ancient lich
 56167 | Crypt:3  | Noticed an ancient lich
 56197 | Crypt:3  | Killed an ancient lich
 56661 | Crypt:3  | Identified the Compendium of the Wheelwright
 56671 | Crypt:3  | Identified the scarf "Zekob" {rElec rN+} (You found it on level 3 of the Crypt)
 56672 | Crypt:3  | Identified the ring "Syqalyu" {rElec rC+ MR+} (You found it on level 3 of the Crypt)
 56673 | Crypt:3  | Identified the amulet of Murele {rPois MR+ Regen+} (You found it on level 3 of the Crypt)
 56676 | Crypt:3  | Identified the ring of Gialan {rElec rN+ Dex+6 Stlth-} (You found it on level 3 of the Crypt)
 56677 | Crypt:3  | Identified the ring of Ruit {rN+ Dex+6} (You found it on level 3 of the Crypt)
 56718 | Crypt:3  | Killed an ancient lich
 57705 | Crypt:3  | Found an ancient bone altar of Kikubaaqudgha.
 57781 | Crypt:3  | Found a staircase to the Tomb.
 58307 | Hell     | Found a gateway to the freezing wastes of Cocytus.
 58397 | Hell     | Found a gateway to the decaying netherworld of Tartarus.
 58455 | Hell     | Found a gateway to the ashen valley of Gehenna.
 58535 | Hell     | Found a gateway to the Iron City of Dis.
 58700 | Zot:1    | Entered Level 1 of the Realm of Zot
 58721 | Zot:1    | Noticed an orb of fire
 58722 | Zot:1    | Gained mutation: You are weak. (Str -2) [an orb of fire]
 58725 | Zot:1    | Killed an orb of fire
 58842 | Zot:1    | Found the +2 cloak of the Thief {+Fog Slay-2 SInv Stlth+}
 59206 | Zot:1    | Noticed an orb of fire
 59206 | Zot:1    | Gained mutation: You occasionally shout uncontrollably at your foes. [an orb of fire]
 59206 | Zot:1    | Gained mutation: Your magical capacity is very low. (-20% MP) [an orb of fire]
 59209 | Zot:1    | You fall through a shaft!
 59956 | Zot:2    | Reached skill level 1 in Fire Magic
 60292 | Zot:1    | Killed an orb of fire
 60808 | Zot:3    | Reached skill level 5 in Fire Magic
 61865 | Zot:4    | Noticed an orb of fire
 61868 | Zot:4    | Gained mutation: Your body sometimes deteriorates upon taking damage. [an orb of fire]
 61870 | Zot:4    | Gained mutation: Scrolls take you a little longer to read. [an orb of fire]
 61874 | Zot:4    | Killed an orb of fire
 61975 | Zot:4    | Noticed an orb of fire
 61985 | Zot:4    | Gained mutation: Your body often deteriorates upon taking damage. [an orb of fire]
 61988 | Zot:4    | Gained mutation: Armour fits poorly on your strangely shaped body. [an orb of fire]
 61993 | Zot:4    | Killed an orb of fire
 62162 | Zot:4    | Lost mutation: You passively map a small area around you. [potion of mutation]
 62162 | Zot:4    | Lost mutation: Scrolls take you a little longer to read. [potion of mutation]
 62162 | Zot:4    | Lost mutation: Your body often deteriorates upon taking damage. [potion of mutation]
 62162 | Zot:4    | Lost mutation: You are highly resistant to hostile enchantments. (MR++) [potion of mutation]
 62162 | Zot:4    | Gained mutation: You are frail. (-10% HP) [potion of mutation]
 62162 | Zot:4    | Gained mutation: You have large cloven feet. [potion of mutation]
 63122 | Zot:4    | Reached skill level 10 in Fire Magic
 63407 | Zot:4    | Upgraded the game from 0.21-a0-338-g36cf2fc to 0.21-a0-344-g2144152
 63596 | Zot:5    | Entered Level 5 of the Realm of Zot
 64126 | Zot:5    | Noticed an ancient lich
 64137 | Zot:5    | Killed an ancient lich
 64880 | Slime:1  | Entered Level 1 of the Pits of Slime
 64981 | Slime:2  | Gained mutation: You are clumsy. (Dex -2) [a shining eye]
 65141 | Slime:1  | You fall through a shaft!
 65939 | Slime:3  | Gained mutation: You do not regenerate when monsters are visible. [a shining eye]
 65945 | Slime:3  | Gained mutation: You are dopey. (Int -2) [a shining eye]
 66587 | Slime:4  | Gained mutation: You are very frail. (-20% HP) [a shining eye]
 66589 | Slime:4  | Gained mutation: You are extremely frail. (-30% HP) [a shining eye]
 66590 | Slime:4  | Gained mutation: Your spells are a little easier to cast, but a little less powerful. [a shining eye]
 66628 | Slime:4  | Reached skill level 10 in Evocations
 66723 | Slime:4  | Gained mutation: You are very weak. (Str -4) [a shining eye]
 66724 | Slime:4  | Lost mutation: Your magical capacity is very low. (-20% MP) [a shining eye]
 66728 | Slime:4  | Gained mutation: Your body often deteriorates upon taking damage. [a shining eye]
 66741 | Slime:4  | Gained mutation: Your magical capacity is very low. (-20% MP) [a shining eye]
 66952 | Slime:5  | Entered Level 5 of the Pits of Slime
 66953 | Slime:5  | Lost mutation: You are partially covered in rugged brown scales. (AC +1, +3% HP) [potion of mutation]
 66953 | Slime:5  | Lost mutation: You are extremely frail. (-30% HP) [potion of mutation]
 66953 | Slime:5  | Lost mutation: You occasionally shout uncontrollably at your foes. [potion of mutation]
 66953 | Slime:5  | Lost mutation: You are dopey. (Int -2) [potion of mutation]
 67240 | Slime:5  | Gained mutation: You are extremely frail. (-30% HP) [a shining eye]
 67407 | Slime:5  | Noticed the Royal Jelly
 67420 | Slime:5  | Found a viscous altar of Jiyva.
 67425 | Slime:5  | Killed the Royal Jelly
 67441 | Slime:5  | Got a slimy rune of Zot
 67443 | Slime:5  | Got a brightly glowing amber ring
 67558 | Slime:5  | Identified the ring "Sosal" {MR++ Int+6 Stlth-} (You found it on level 5 of the Pits of Slime)
 67565 | Slime:5  | Found the ring of Phasing {EV+8}
 67579 | Slime:5  | Identified the Incunabulum of Unholy Magic and Cold
 67588 | Slime:5  | Learned a level 6 spell: Death Channel
 67600 | Slime:5  | Got a pair of spiked gloves
 67606 | Slime:5  | Identified the cursed +0 pair of gloves "Yczupoff" {rCorr} (You found it on level 5 of the Pits of Slime)
 67637 | Slime:5  | Identified the cursed +0 pair of boots "Soakyrec" {-Cast rPois Regen+ Str+9} (You found it on level 5 of the Pits of Slime)
 67689 | Slime:5  | Lost mutation: You have large cloven feet. [potion of mutation]
 67689 | Slime:5  | Lost mutation: Armour fits poorly on your strangely shaped body. [potion of mutation]
 67689 | Slime:5  | Lost mutation: Your magical capacity is very low. (-20% MP) [potion of mutation]
 67690 | Slime:5  | Lost mutation: You are very weak. (Str -4) [potion of mutation]
 67690 | Slime:5  | Lost mutation: You are clumsy. (Dex -2) [potion of mutation]
 67690 | Slime:5  | Lost mutation: You do not regenerate when monsters are visible. [potion of mutation]
 67690 | Slime:5  | Lost mutation: Your magical capacity is low. (-10% MP) [potion of mutation]
 67690 | Slime:5  | Gained mutation: You are agile. (Dex +2) [potion of mutation]
 67690 | Slime:5  | Gained mutation: Your system is resistant to poisons. (rPois) [potion of mutation]
 67691 | Slime:5  | Lost mutation: Your body often deteriorates upon taking damage. [potion of mutation]
 67691 | Slime:5  | Lost mutation: You are weak. (Str -2) [potion of mutation]
 67691 | Slime:5  | Gained mutation: You have sharp toenails. [potion of mutation]
 67692 | Slime:5  | Lost mutation: You are extremely frail. (-30% HP) [potion of mutation]
 67692 | Slime:5  | Lost mutation: You are resistant to hostile enchantments. (MR+) [potion of mutation]
 67692 | Slime:5  | Gained mutation: Your muscles are strong. (Str +2) [potion of mutation]
 67692 | Slime:5  | Gained mutation: You are partially covered in rugged brown scales. (AC +1, +3% HP) [potion of mutation]
 68235 | Depths:5 | Bought a potion of mutation for 168 gold pieces
 68235 | Depths:5 | Bought a potion of mutation for 168 gold pieces
 68235 | Depths:5 | Bought a potion of curing for 63 gold pieces
 68235 | Depths:5 | Bought a potion of curing for 63 gold pieces
 68235 | Depths:5 | Bought 2 potions of resistance for 420 gold pieces
 68235 | Depths:5 | Bought a potion of curing for 63 gold pieces
 68235 | Depths:5 | Bought a potion of curing for 63 gold pieces
 68235 | Depths:5 | Lost mutation: You are very frail. (-20% HP) [potion of mutation]
 68235 | Depths:5 | Lost mutation: You are frail. (-10% HP) [potion of mutation]
 68235 | Depths:5 | Lost mutation: Your body sometimes deteriorates upon taking damage. [potion of mutation]
 68235 | Depths:5 | Lost mutation: You expend magic power (3 MP) to strengthen your wands. [potion of mutation]
 68235 | Depths:5 | Gained mutation: You are very agile. (Dex +4) [potion of mutation]
 68235 | Depths:5 | Gained mutation: Your flesh is cold resistant. (rC+) [potion of mutation]
 68384 | Coc:1    | Entered Level 1 of Cocytus
 68844 | Coc:2    | Noticed a shard shrike
 68850 | Coc:2    | Killed a shard shrike
 68878 | Coc:2    | Noticed a shard shrike
 68883 | Coc:2    | Killed a shard shrike
 68977 | Coc:2    | Noticed a shard shrike
 68982 | Coc:2    | Killed a shard shrike
 69141 | Coc:2    | Reached skill level 23 in Invocations
 69382 | Coc:2    | Noticed a shard shrike
 69395 | Coc:2    | Killed a shard shrike
 69538 | Coc:3    | Noticed a shard shrike
 69546 | Coc:3    | Killed a shard shrike
 69770 | Coc:6    | Noticed a shard shrike
 69770 | Coc:6    | Noticed a shard shrike
 69771 | Coc:6    | Noticed a shard shrike
 69777 | Coc:6    | Killed a shard shrike
 69777 | Coc:6    | Killed a shard shrike
 69777 | Coc:6    | Killed a shard shrike
 69937 | Coc:7    | Entered Level 7 of Cocytus
 70013 | Coc:7    | Noticed a shard shrike
 70021 | Coc:7    | Killed a shard shrike
 70367 | Coc:7    | Reached skill level 10 in Necromancy
 70819 | Coc:7    | Found the +7 great mace "Firestarter" {inner flame, rF++}
 71087 | Coc:7    | Noticed a shard shrike
 71093 | Coc:7    | Killed a shard shrike
 71349 | Coc:7    | Reached skill level 24 in Invocations
 71641 | Coc:7    | Found the +7 sceptre of Torment
 71711 | Coc:7    | Noticed a shard shrike
 71723 | Coc:7    | Killed a shard shrike
 71928 | Coc:7    | Noticed Antaeus
 71982 | Coc:7    | Noticed a shard shrike
 71982 | Coc:7    | Noticed a shard shrike
 71987 | Coc:7    | Killed a shard shrike
 71988 | Coc:7    | Killed a shard shrike
 72041 | Coc:7    | Killed Antaeus
 72126 | Coc:7    | Got an icy rune of Zot
 72234 | Coc:7    | Noticed a shard shrike
 72237 | Coc:7    | Killed a shard shrike
 72454 | Geh:1    | Entered Level 1 of Gehenna
 72520 | Geh:1    | Reached skill level 1 in Summonings
 72603 | Geh:1    | You fall through a shaft!
 72633 | Geh:2    | You fall through a shaft for 2 floors!
 72649 | Geh:4    | You fall through a shaft for 2 floors!
 72756 | Geh:6    | You fall through a shaft!
 72756 | Geh:7    | Entered Level 7 of Gehenna
 73084 | Geh:7    | Reached skill level 5 in Summonings
 73275 | Geh:7    | Reached skill level 1 in Stealth
 73320 | Geh:7    | Reached skill level 5 in Stealth
 73724 | Geh:7    | Reached skill level 10 in Stealth
 73908 | Geh:7    | Noticed Asmodeus
 74023 | Geh:7    | Killed Asmodeus
 74034 | Geh:7    | Got an obsidian rune of Zot
 74509 | Geh:7    | Reached skill level 15 in Stealth
 74873 | Zig:1    | Entered Level 1 of a ziggurat
 74892 | Zig:2    | Entered Level 2 of a ziggurat
 74925 | Zig:3    | Entered Level 3 of a ziggurat
 74955 | Zig:4    | Entered Level 4 of a ziggurat
 75010 | Zig:5    | Entered Level 5 of a ziggurat
 75015 | Zig:5    | Found the macabre finger necklace {rN+}
 75041 | Zig:6    | Entered Level 6 of a ziggurat
 75047 | Zig:6    | Noticed a juggernaut
 75051 | Zig:6    | Noticed a juggernaut
 75052 | Zig:6    | Noticed a juggernaut
 75056 | Zig:6    | Killed a juggernaut
 75060 | Zig:6    | Killed a juggernaut
 75067 | Zig:6    | Killed a juggernaut
 75102 | Zig:7    | Entered Level 7 of a ziggurat
 75125 | Zig:7    | Reached skill level 25 in Invocations
 75158 | Zig:7    | Got a transparent bronze amulet
 75159 | Zig:7    | Identified the amulet of Creativity {Reflect Int+4 SH+3} (You found it on level 7 of a ziggurat)
 75167 | Zig:7    | Identified the +1 leather armour "Boahy" {rElec Regen+ SInv} (You found it on level 7 of a ziggurat)
 75172 | Zig:8    | Entered Level 8 of a ziggurat
 75177 | Zig:8    | Noticed a juggernaut
 75188 | Zig:8    | Killed a juggernaut
 75362 | Zig:9    | Entered Level 9 of a ziggurat
 75408 | Zig:9    | Identified the +2 chain mail "Taskaol" {Dex+5} (You found it on level 9 of a ziggurat)
 75702 | Zig:10   | Entered Level 10 of a ziggurat
 75803 | Zig:10   | Identified the +7 hand crossbow of Itiubaf {velocity, Int+3 Dex+7} (You found it on level 10 of a ziggurat)
 75807 | Zig:11   | Entered Level 11 of a ziggurat
 75878 | Zig:11   | Learned a level 3 spell: Inner Flame
 75882 | Zig:11   | Learned a level 3 spell: Conjure Flame
 75934 | Zig:12   | Entered Level 12 of a ziggurat
 75949 | Zig:12   | Reached skill level 1 in Hexes
 76003 | Zig:12   | Identified the +0 leather armour of Hide-and-Seek {*Drain rF+++ rCorr Int+6} (You found it on level 12 of a ziggurat)
 76018 | Zig:12   | Identified the Collected Works on the Creative Rocks
 76031 | Zig:13   | Entered Level 13 of a ziggurat
 76113 | Zig:13   | Identified the ring "Lutryumu" {*Corrode rN+ Str+6 Dex+3} (You found it on level 13 of a ziggurat)
 76128 | Zig:14   | Entered Level 14 of a ziggurat
 76162 | Zig:14   | Reached skill level 5 in Hexes
 76196 | Zig:14   | Identified the ring of Curiosity {*Corrode rElec MP+9 Int+8 Dex-2} (You found it on level 14 of a ziggurat)
 76208 | Zig:15   | Entered Level 15 of a ziggurat
 76219 | Zig:15   | Noticed a juggernaut
 76222 | Zig:15   | Noticed a juggernaut
 76228 | Zig:15   | Noticed a juggernaut
 76237 | Zig:15   | Reached skill level 15 in Earth Magic
 76239 | Zig:15   | Killed a juggernaut
 76246 | Zig:15   | Killed a juggernaut
 76262 | Zig:15   | Killed a juggernaut
 76467 | Zig:15   | Learned a level 3 spell: Vampiric Draining
 76470 | Zig:16   | Entered Level 16 of a ziggurat
 76597 | Zig:16   | Identified the Compendium of Supportive Toxins
 76603 | Zig:16   | Identified the +9 plate armour "Owaemeba" {+Blink rPois Dex+3} (You found it on level 16 of a ziggurat)
 76609 | Zig:17   | Entered Level 17 of a ziggurat
 77034 | Zig:18   | Entered Level 18 of a ziggurat
 77046 | Zig:18   | Noticed an ancient lich
 77046 | Zig:18   | Noticed an ancient lich
 77048 | Zig:18   | Killed an ancient lich
 77060 | Zig:18   | Killed an ancient lich
 77060 | Zig:18   | Reached skill level 26 in Invocations
 77106 | Zig:18   | Identified the Disquisition on Creative Battle Magic
 77107 | Zig:18   | Identified the Papyrus of the Quantum Blaze
 77112 | Zig:18   | Learned a level 3 spell: Portal Projectile
 77116 | Zig:18   | Learned a level 3 spell: Ignite Poison
 77133 | Zig:18   | Learned a level 3 spell: Mephitic Cloud
 77183 | Zig:19   | Entered Level 19 of a ziggurat
 77213 | Zig:19   | Reached skill level 1 in Poison Magic
 77223 | Zig:19   | Reached skill level 1 in Conjurations
 77228 | Zig:19   | Reached skill level 1 in Air Magic
 77798 | Zig:19   | Reached skill level 5 in Poison Magic
 77798 | Zig:19   | Reached skill level 27 in Invocations
 77813 | Zig:19   | Identified the cursed +0 pair of gloves of Sauhar {Regen+ Str+7 Int+2} (You found it on level 19 of a ziggurat)
 77854 | Zig:20   | Entered Level 20 of a ziggurat
 77858 | Zig:20   | Noticed Duffy's ghost (legendary DEFE)
 77869 | Zig:20   | Noticed Saureiss the pandemonium lord
 77869 | Zig:20   | Noticed Acach the pandemonium lord
 77881 | Zig:20   | Noticed Fuimisiph the pandemonium lord
 77891 | Zig:20   | Noticed Gurch the pandemonium lord
 77892 | Zig:20   | Killed Fuimisiph the pandemonium lord
 77892 | Zig:20   | Reached skill level 5 in Conjurations
 77899 | Zig:20   | Noticed Bodetihey the pandemonium lord
 77907 | Zig:20   | Noticed Jetacuse the pandemonium lord
 77908 | Zig:20   | Noticed Fiqyucak the pandemonium lord
 77913 | Zig:20   | Noticed Emam the pandemonium lord
 77916 | Zig:20   | Killed Saureiss the pandemonium lord
 77916 | Zig:20   | Reached skill level 5 in Air Magic
 77921 | Zig:20   | Noticed Uhaz Jal the pandemonium lord
 77921 | Zig:20   | Gained mutation: You expend magic power (3 MP) to strengthen your wands. [a shining eye]
 77926 | Zig:20   | Noticed Niog the pandemonium lord
 77932 | Zig:20   | Mangled by Emam the pandemonium lord

Vault maps used:
D:1:      nicolae_arrival_memento_mori, minmay_misc_feat_tower, minivault_27,
          feat_on_display
D:2:      chequers_ecumenical_altar_lobes
D:3:      first_bread, corexii_shack, okawaru_metal_pillars_1_2
D:4:      gup_sewer_entry_glass, uniq_blork_the_orc
D:5:      serial_shops, shop, minmay_holes
D:6:      basic_altar
D:7:      nicolae_overflow_crystal_walls, temple_statues, uniq_pikel
D:8:      lair_entry_dummy, enter_ossuary_4, uniq_prince_ribbit1
D:9:      hangedman_ranch
D:10:     minmay_unpleasant_kobolds
D:12:     hiddenorc1_lemuel
D:13:     uniq_nessos
D:14:     lightli_vaults_fourway_checkpoint
D:15:     gammafunk_enter_depths_forms, lemuel_blue_sif_altar
Temple:   roderic_octagonal_lattice_temple
Lair:1:   portal_ice_cave_rime, minmay_lair_oklob_chamber, serial_bayou_shore_b,
          infiniplex_staircase_pool_2, uniq_fannar
Lair:2:   swamp_mist, infiniplex_staircase_pool, grunt_megastairs_2
Lair:3:   nicolae_spider_entry_orb_guardian, lab_entry_generic,
          lemuel_fruit_tree, grunt_megastairs_3
Lair:4:   serial_bayou_pond_a, nicolae_quartered_pool_super, pf_torpor_hydra
Lair:5:   basic_altar, serial_bayou_crossing, grunt_megastairs_4
Lair:6:   due_jungle_book, nicolae_slime_entry_slimehenge, serial_forest,
          infiniplex_forest_lined_2, infiniplex_forest_corner_1,
          infiniplex_forest_clump_medium, infiniplex_forest_fountain,
          infiniplex_forest_clump_large, infiniplex_forest_straight_5,
          st_stairs_7, grunt_forest_stairs_basic, kennysheep_snail_temple
Swamp:1:  evilmike_swamp_ruin_house_2, nicolae_swamp_trees_clearing
Swamp:2:  evilmike_swamp_ruin_house_5, ldierk_geyser, swamp_pool1, uniq_nikola,
          uniq_aizul
Swamp:3:  hangedman_swamp_blocks, uniq_mara
Swamp:4:  swamp_icy
Spider:3: hangedman_spider_tarantella_strand
Spider:4: floodkiller_spider_rune_tomb, spider_trap
Orc:1:    enter_volcano_1
Orc:2:    kennysheep_orc_mage_school, nicolae_orc_pool_cavern, elf_legates
Elf:1:    minmay_elf_annihilation, minmay_shoptagon, uniq_frances
Elf:2:    serial_shops, nicolae_shop_behind_doors
Elf:3:    elf_hall_gauntlet_wide
Vaults:1: v_misc_24, v_misc_14, hangedman_vaults_cutoff,
          nicolae_vaults_gold_heap, vaults_dpeg_spiral, ontoclasm_vaults_pinch,
          hangedman_vaults_cutoff, serial_shops, shop, uniq_jorgrun
Vaults:2: hangedman_vaults_stretched_pinwheel, minmay_crypt_entry_necro_gods,
          grunt_vaults_diagonal, ontoclasm_vaults_chip, vaults_dpeg_diagonal,
          ontoclasm_vaults_loading_screen, hangedman_vaults_impose, v_rooms_4,
          vaults_room_stairs_pillars, nicolae_vaults_network_quincunx,
          grunt_vaults_focal, nicolae_vaults_network_barrier, vaults_dpeg_hooks,
          uniq_donald
Vaults:3: hangedman_vaults_restitches, v_alt_pattern_6, v_misc_25, v_pattern_5,
          nicolae_vaults_ninety_degrees, v_misc_17, ontoclasm_vaults_spin,
          nicolae_vaults_quartermaster, ontoclasm_vaults_chip,
          ontoclasm_vaults_twist, nicolae_vaults_little_squares_4
Vaults:4: nicolae_vaults_diagonal_hallway_7, v_rooms_5,
          ontoclasm_vaults_loading_screen, nicolae_vaults_asterisk,
          vaults_standard_mumra_x, vaults_room_corners, v_misc_8,
          nicolae_vaults_halls_meeting, serial_shops, bzr_entry_dummy,
          shop_statue, shop, nicolae_shop_temple_entry_statues_fountains, shop
Vaults:5: serial_shops, uniq_saint_roka
Crypt:1:  uniq_jory, uniq_boris
Crypt:2:  corner_web_ring
Crypt:3:  david_glass_crypt, tomb_entry_shell_bobbens, basic_altar,
          small_statue_intersection
Depths:1: enter_ziggurat_e, minmay_misc_feat_more_columns, hell_entry,
          minmay_misc_feat_pillars, hangedman_decor_growths, hex_tiny,
          fountainhead, minmay_pinched_square
Depths:2: hangedman_stitches_corridor, special_room,
          kennysheep_cross_bottleneck, serial_shops, nicolae_shop_stone,
          hangedman_coc_ice_floe, enter_trove_3, hangedman_abyss_entry_splay,
          stair_cage_line
Depths:3: kennysheep_large_spiral, grunt_pan_entry_zigzag,
          nicolae_twisting_strands, pf_vacation_house_of_asmodeus,
          argonaut_fire_from_heaven, minmay_staircase_bubble, uniq_sojobo,
          uniq_boris
Depths:4: minmay_expanding_circles, abyss_entry, grunt_pan_entry_sceptre,
          minmay_misc_feat_roman, hell_entry, serial_bayou_shore_a,
          infiniplex_staircase_zigzag_1, grunt_megastairs_1
Depths:5: evilmike_zot_entry_diamond, nicolae_sextant, hell_entry, serial_shops,
          shop, minmay_shop_star
Geh:1:    door_vault
Geh:4:    hangedman_generic_boss_arena
Geh:6:    grunt_deathspiral_small
Geh:7:    geh_hangedman
Coc:1:    serial_ice, serial_ice_f, serial_ice_c, serial_ice_n, serial_ice_h
Coc:7:    coc_mu
Zot:2:    grunt_zot_stairs_overgrown
Zot:3:    kennysheep_blocky_hall
Zot:4:    evilmike_crystal_ball_defense, grunt_ministairs_7
Abyss:2:  hangedman_cross_veins
Zig:8:    ziggurat_pillar_centre_oklobs
Zig:9:    ziggurat_pillar_centre_dead_trees
Zig:14:   ziggurat_pillar_centre_smoke
Zig:19:   ziggurat_pillar_centre_more_plants
Lab:      nicolae_lab_grate_2, nicolae_lab_very_dead_end, nicolae_lab_dead_end,
          nicolae_lab_t_cross
Bazaar:   bazaar_jpeg_ribbon
Trove:    trove_library
Sewer:    sewer_kobolds
Ossuary:  minmay_ossuary_two_tombs
IceCv:    ice_cave_caverns_01
Volcano:  volcano_pools

Skill      XL: |  1  2  3  4  5  6  7  8  9 10 11 12 13 14 15 16 17 18 19 20 21 22 23 24 25 26 27 |
---------------+----------------------------------------------------------------------------------+-----
Staves         | 3 4 6 7 8 9 10 11 13 14 15 16 17 18 20 | 20.8
Fighting       | 4 5 6 8 9 11 13 14 15 16 17 18 19 25 | 25.5
Shields        | 5 7 8 11 12 13 14 23 | 23.0
Dodging        | 1 3 4 6 9 10 12 20 | 20.2
Armour         | 4 6 7 8 10 11 12 14 17 19 20 | 20.3
Invocations    | 8 9 10 12 13 15 16 17 18 19 20 21 22 27 | 27.0
Evocations     | 1 2 5 10 | 10.7
Crossbows      | 10 13 15 17 18 | 18.0
Charms         | 2 6 |  6.6
Necromancy     | 3 5 6 14 | 14.5
Earth Magic    | 3 8 15 | 15.7
Transmutations | 3 10 16 | 16.3
Spellcasting   | 4 10 | 10.5
Fire Magic     | 13 | 13.4
Summonings     | 5 |  5.1
Stealth        | 15 | 15.3
Hexes          | 8 |  8.8
Poison Magic   | 8 |  8.5
Conjurations   | 5 |  5.9
Air Magic      | 5 |  5.3

Action                   |  1- 3 |  4- 6 |  7- 9 | 10-12 | 13-15 | 16-18 | 19-21 | 22-24 | 25-27 || total
-------------------------+-------+-------+-------+-------+-------+-------+-------+-------+-------++-------
Melee: Quarterstaff      |    94 |   232 |   302 |   792 |   862 |  1518 |  1067 |   888 |       ||  5755
       Bite              |       |       |       |       |       |       |       |   234 |  1131 ||  1365
       Lajatang          |       |       |       |       |       |       |       |   149 |  4824 ||  4973
       Kick              |       |       |       |       |       |       |       |       |    90 ||    90
 Fire: Hand crossbow     |       |       |       |       |       |       |   421 |   118 |   809 ||  1348
       Arbalest          |       |       |       |       |       |       |       |    77 |   345 ||   422
Throw: Javelin           |       |       |       |     3 |     1 |     3 |     3 |       |       ||    10
 Cast: Regeneration      |       |       |       |       |       |       |     3 |    13 |    57 ||    73
       Statue Form       |       |       |       |       |       |       |       |       |    20 ||    20
       Apportation       |       |       |       |       |       |       |       |       |    13 ||    13
       Death Channel     |       |       |       |       |       |       |       |       |     4 ||     4
Invok: Bend Time         |       |       |       |     1 |     2 |     4 |       |       |       ||     7
       Slouch            |       |       |       |     2 |     8 |     9 |    13 |     9 |    36 ||    77
       Step From Time    |       |       |       |       |       |     1 |       |       |     9 ||    10
 Abil: Dig               |       |       |     3 |     9 |    16 |    44 |     5 |       |    37 ||   114
       Shaft Self        |       |       |       |     1 |     2 |     3 |       |       |     7 ||    13
Evoke: Wand              |       |       |       |     3 |     4 |     6 |    11 |     5 |    25 ||    54
       Phantom mirror    |       |       |       |       |       |       |       |       |     7 ||     7
  Use: Potion            |     5 |     1 |     2 |     2 |     4 |     4 |     9 |     8 |    95 ||   130
       Scroll            |     4 |     3 |    10 |    12 |     6 |    12 |    15 |    11 |    81 ||   154
 Stab: Invisible         |       |       |       |       |       |       |     8 |       |     1 ||     9
       Distracted        |       |       |       |       |       |       |       |       |     6 ||     6
       Sleeping          |       |       |       |       |       |       |       |       |     1 ||     1
  Eat: Chunk             |     1 |     6 |     7 |     8 |     3 |     5 |       |       |     2 ||    32
       Royal jelly       |       |       |     1 |       |       |     3 |     8 |     1 |    11 ||    24
       Fruit             |       |       |       |     3 |     7 |    28 |    10 |       |    20 ||    68
       Meat ration       |       |       |       |       |     1 |       |       |     2 |     4 ||     7
       Bread ration      |       |       |       |       |       |     1 |       |     1 |     8 ||    10
Armor: Scale mail        |    34 |   123 |    33 |       |       |       |       |       |       ||   190
       Chain mail        |       |       |    99 |   243 |   287 |   306 |   371 |   280 |   474 ||  2060
       Fire dragon scale |       |       |       |       |       |       |       |       |   261 ||   261
       Skin              |       |       |       |       |       |       |       |       |   112 ||   112
Dodge: Dodged            |    30 |    70 |    71 |   256 |   388 |   816 |   908 |   688 |  3394 ||  6621
Block: Shield            |    53 |   122 |   158 |   535 |   737 |  1139 |  1124 |   925 |    55 ||  4848
       Large shield      |       |       |       |       |       |       |       |       |  7072 ||  7072

Table legend:
 A = Spawn XP
 B = Non-spawn XP
 C = Spawn XP percentage of total XP
 D = Spawn monster count
 E = Non-spawn monster count
 F = Spawn count percentage of total count
 G = Total turns spent on level
                    A         B        C        D         E        F      G
               +---------+---------+-------+---------+---------+-------+---------
         Total |    6363 | 2745339 |   0.2 |       4 |    3787 |   0.1 | 77932
               +---------+---------+-------+---------+---------+-------+---------
           D:1 |       0 |      20 |   0.0 |       0 |      11 |   0.0 |   875
           D:2 |       0 |      47 |   0.0 |       0 |      18 |   0.0 |   438
           D:3 |       0 |     179 |   0.0 |       0 |      30 |   0.0 |  1153
           D:4 |       0 |     664 |   0.0 |       0 |      17 |   0.0 |   681
           D:5 |       0 |     270 |   0.0 |       0 |      11 |   0.0 |   667
           D:6 |       0 |     689 |   0.0 |       0 |      16 |   0.0 |   642
           D:7 |       0 |    1164 |   0.0 |       0 |       9 |   0.0 |   484
           D:8 |       0 |    2333 |   0.0 |       0 |      37 |   0.0 |  1233
           D:9 |       0 |    4487 |   0.0 |       0 |      31 |   0.0 |  1237
          D:10 |       0 |    3211 |   0.0 |       0 |      32 |   0.0 |   656
          D:11 |       0 |    2591 |   0.0 |       0 |      18 |   0.0 |  1182
          D:12 |       0 |    2574 |   0.0 |       0 |      48 |   0.0 |  1094
          D:13 |       0 |    5071 |   0.0 |       0 |      21 |   0.0 |  1363
          D:14 |       0 |   17461 |   0.0 |       0 |      52 |   0.0 |  1259
          D:15 |       0 |   16439 |   0.0 |       0 |      52 |   0.0 |  1628
        Lair:1 |       0 |    9321 |   0.0 |       0 |      27 |   0.0 |  1287
        Lair:2 |       0 |    6143 |   0.0 |       0 |      30 |   0.0 |  1022
        Lair:3 |       0 |    4344 |   0.0 |       0 |      14 |   0.0 |  1107
        Lair:4 |       0 |    6544 |   0.0 |       0 |      32 |   0.0 |   797
        Lair:5 |       0 |    8653 |   0.0 |       0 |      28 |   0.0 |   711
        Lair:6 |       0 |   23965 |   0.0 |       0 |      61 |   0.0 |  1321
       Swamp:1 |       0 |   10159 |   0.0 |       0 |      24 |   0.0 |   705
       Swamp:2 |       0 |    5705 |   0.0 |       0 |      23 |   0.0 |   715
       Swamp:3 |       0 |    3667 |   0.0 |       0 |      10 |   0.0 |   115
       Swamp:4 |       0 |   14274 |   0.0 |       0 |      58 |   0.0 |  1215
      Spider:1 |       0 |   14681 |   0.0 |       0 |      42 |   0.0 |   786
      Spider:2 |       0 |   14718 |   0.0 |       0 |      41 |   0.0 |  1154
      Spider:3 |       0 |   16497 |   0.0 |       0 |      47 |   0.0 |   722
      Spider:4 |       0 |   41140 |   0.0 |       0 |      83 |   0.0 |  1199
       Slime:1 |       0 |   11502 |   0.0 |       0 |      19 |   0.0 |   382
       Slime:2 |       0 |    6038 |   0.0 |       0 |       8 |   0.0 |   594
       Slime:3 |       0 |   15860 |   0.0 |       0 |      25 |   0.0 |   692
       Slime:4 |       0 |   20263 |   0.0 |       0 |      35 |   0.0 |   500
       Slime:5 |       0 |   45262 |   0.0 |       0 |      36 |   0.0 |   785
         Orc:1 |       0 |     866 |   0.0 |       0 |      16 |   0.0 |   608
         Orc:2 |       0 |   18921 |   0.0 |       0 |      71 |   0.0 |  1221
         Elf:1 |       0 |   35360 |   0.0 |       0 |      52 |   0.0 |  1487
         Elf:2 |       0 |   31276 |   0.0 |       0 |      44 |   0.0 |  1183
         Elf:3 |    2034 |   60844 |   3.2 |       1 |      66 |   1.5 |  1808
      Vaults:1 |       0 |   37295 |   0.0 |       0 |      54 |   0.0 |  1421
      Vaults:2 |       0 |   48609 |   0.0 |       0 |      78 |   0.0 |  1770
      Vaults:3 |       0 |   61626 |   0.0 |       0 |      91 |   0.0 |  1709
      Vaults:4 |       0 |   90894 |   0.0 |       0 |      93 |   0.0 |  2028
      Vaults:5 |       0 |  134916 |   0.0 |       0 |     104 |   0.0 |  1989
       Crypt:1 |       0 |   30445 |   0.0 |       0 |      38 |   0.0 |   761
       Crypt:2 |       0 |   15080 |   0.0 |       0 |      24 |   0.0 |   932
       Crypt:3 |       0 |   54071 |   0.0 |       0 |      37 |   0.0 |  1404
      Depths:1 |       0 |   59629 |   0.0 |       0 |      50 |   0.0 |  1779
      Depths:2 |       0 |  114203 |   0.0 |       0 |     145 |   0.0 |  3467
      Depths:3 |       0 |   77756 |   0.0 |       0 |      67 |   0.0 |  1273
      Depths:4 |       0 |   85291 |   0.0 |       0 |      96 |   0.0 |  1968
      Depths:5 |       0 |   67002 |   0.0 |       0 |      63 |   0.0 |  1284
          Hell |       0 |   56764 |   0.0 |       0 |      78 |   0.0 |   724
         Geh:1 |       0 |   16886 |   0.0 |       0 |      48 |   0.0 |   149
         Geh:2 |       0 |    3881 |   0.0 |       0 |       9 |   0.0 |    30
         Geh:4 |       0 |    2355 |   0.0 |       0 |       6 |   0.0 |    16
         Geh:6 |       0 |    8720 |   0.0 |       0 |      11 |   0.0 |   107
         Geh:7 |       0 |  149293 |   0.0 |       0 |     172 |   0.0 |  1981
         Coc:1 |       0 |   49484 |   0.0 |       0 |     101 |   0.0 |   448
         Coc:2 |       0 |   50900 |   0.0 |       0 |      68 |   0.0 |   596
         Coc:3 |       0 |   27890 |   0.0 |       0 |      49 |   0.0 |   210
         Coc:4 |       0 |    3869 |   0.0 |       0 |       6 |   0.0 |    53
         Coc:6 |       0 |   16609 |   0.0 |       0 |      25 |   0.0 |   240
         Coc:7 |       0 |  200069 |   0.0 |       0 |     207 |   0.0 |  2417
         Zot:1 |       0 |   55707 |   0.0 |       0 |      25 |   0.0 |   757
         Zot:2 |       0 |   77583 |   0.0 |       0 |      50 |   0.0 |  1045
         Zot:3 |       0 |   79759 |   0.0 |       0 |      48 |   0.0 |  1392
         Zot:4 |       0 |   71249 |   0.0 |       0 |      41 |   0.0 |  1764
         Zot:5 |       0 |   79631 |   0.0 |       0 |      29 |   0.0 |   808
       Abyss:2 |    4329 |   11793 |  26.9 |       3 |      27 |  10.0 |   546
         Zig:1 |       0 |    1863 |   0.0 |       0 |       2 |   0.0 |    19
         Zig:2 |       0 |    4852 |   0.0 |       0 |       2 |   0.0 |    33
         Zig:3 |       0 |    2396 |   0.0 |       0 |       4 |   0.0 |    30
         Zig:4 |       0 |    3280 |   0.0 |       0 |       6 |   0.0 |    55
         Zig:5 |       0 |    3656 |   0.0 |       0 |       9 |   0.0 |    31
         Zig:6 |       0 |   24041 |   0.0 |       0 |       6 |   0.0 |    61
         Zig:7 |       0 |    9380 |   0.0 |       0 |      13 |   0.0 |    70
         Zig:8 |       0 |   16411 |   0.0 |       0 |      26 |   0.0 |   190
         Zig:9 |       0 |   14340 |   0.0 |       0 |      18 |   0.0 |   340
        Zig:10 |       0 |   23174 |   0.0 |       0 |      13 |   0.0 |   105
        Zig:11 |       0 |   13002 |   0.0 |       0 |      19 |   0.0 |   127
        Zig:12 |       0 |   22820 |   0.0 |       0 |      17 |   0.0 |    97
        Zig:13 |       0 |   17460 |   0.0 |       0 |      26 |   0.0 |    97
        Zig:14 |       0 |   21760 |   0.0 |       0 |      28 |   0.0 |    80
        Zig:15 |       0 |   37708 |   0.0 |       0 |      37 |   0.0 |   262
        Zig:16 |       0 |   31201 |   0.0 |       0 |      38 |   0.0 |   139
        Zig:17 |       0 |   28045 |   0.0 |       0 |      38 |   0.0 |   425
        Zig:18 |       0 |   53399 |   0.0 |       0 |      34 |   0.0 |   149
        Zig:19 |       0 |   43842 |   0.0 |       0 |      74 |   0.0 |   671
        Zig:20 |       0 |   28680 |   0.0 |       0 |      20 |   0.0 |    78
           Lab |       0 |    3178 |   0.0 |       0 |      15 |   0.0 |   803
         Sewer |       0 |     146 |   0.0 |       0 |      10 |   0.0 |   377
       Ossuary |       0 |     353 |   0.0 |       0 |      37 |   0.0 |   254
         IceCv |       0 |   14735 |   0.0 |       0 |      52 |   0.0 |  1079
       Volcano |       0 |    3155 |   0.0 |       0 |       8 |   0.0 |   190
               +---------+---------+-------+---------+---------+-------+---------
